 Dungeon Crawl Stone Soup version 0.25-a0-860-gf695395b5c (webtiles) character file.

Game seed: 57270597075324425, levelgen mode: deterministic

101019 Napalmbreeze the Warrior (level 15, 0/141 HPs)
             Began as a Demonspawn Gladiator on Apr 26, 2020.
             Was a High Priest of Yredelemnul.
             Succumbed to Mara's poison
             ... on level 3 of the Swamp on Apr 27, 2020.
             The game lasted 01:18:28 (33607 turns).

Napalmbreeze the Warrior (Demonspawn Gladiator)    Turns: 33607, Time: 01:18:29

Health: 0/141      AC: 16    Str: 25    XL:     15   Next: 82%
Magic:  1/25       EV:  9    Int: 12    God:    Yredelemnul [*****.]
Gold:   2419       SH: 12    Dex: 23    Spells: 14/14 levels left

rFire    + + .     SeeInvis +   I - +6 trident "Nippiysi" {flame, +Rage rF+ Str+4 Dex+4}
rCold    + . .     Gourm    +   h - +0 kite shield
rNeg     + . .     Faith    .   M - +0 plate armour
rPois    +         Spirit   +   S - +1 helmet {Int+3}
rElec    .         Reflect  .   J - scarf {rC+ rF+}
rCorr    .         Harm     .   (gloves unavailable)
MR       +....                  (no boots)
Stlth    ..........             P - amulet of Abstinence {Gourm rN+}
HPRegen  0.33/turn              H - ring of see invisible
MPRegen  0.19/turn              a - ring of poison resistance

@: lethally poisoned (0 -> -2)
A: claws 3, thin skeletal structure 2, robust 1, spiny 3, magic shield
a: Recall Undead Slaves, Injury Mirror, Animate Dead, Drain Life, Enslave Soul,
Renounce Religion, Evoke Berserk Rage


You were on level 3 of the Swamp.
You worshipped Yredelemnul.
Yredelemnul was extremely pleased with you.
You were not hungry.

You visited 5 branches of the dungeon, and saw 28 of its levels.
You also visited: Gauntlet.

You collected 2613 gold pieces.
You spent 194 gold pieces at shops.

Inventory:

Hand Weapons
 C - a +4 glaive
 I - the +6 trident "Nippiysi" (weapon) {flame, +Rage rF+ Str+4 Dex+4}
   (You found it on level 12 of the Dungeon)

   It has been specially enchanted to burn those struck by it, causing extra
   injury to most foes and up to half again as much damage against particularly
   susceptible opponents.
   It affects your strength (+4).
   It affects your dexterity (+4).
   It protects you from fire.
   It lets you go berserk.
Armour
 h - a +0 kite shield (worn)
 J - a scarf of resistance (worn)
 M - a +0 plate armour (worn)
 S - a +1 helmet of intelligence (worn)
Jewellery
 a - a ring of poison resistance (right claw)
 b - an uncursed ring of magical power
 n - an uncursed ring of protection from fire
 s - a +3 ring of strength
 H - a ring of see invisible (left claw)
 P - the amulet of Abstinence (around neck) {Gourm rN+}
   (You found it in a Gauntlet)

   [amulet of the gourmand]

   It allows you to eat raw meat even when not hungry.
   It protects you from negative energy.
 W - a +5 amulet of reflection {unknown}
Wands
 x - a wand of iceblast (37)
 L - a wand of acid (6)
 U - a wand of paralysis (8)
 V - a wand of enslavement (12)
Scrolls
 e - 3 scrolls of identify
 q - 4 scrolls of amnesia
 u - 2 scrolls of vulnerability
 v - 12 scrolls of teleportation
 w - 3 scrolls of fog
 y - 3 scrolls of blinking
 D - 4 scrolls of magic mapping
 E - 10 scrolls of remove curse
 F - a scroll of fear
 G - a scroll of torment
 Q - a scroll of holy word {unknown}
 R - a scroll of silence {unknown}
 T - a scroll of enchant weapon
Potions
 d - 2 potions of ambrosia
 g - 2 potions of cancellation
 i - a potion of might
 j - 4 potions of resistance
 k - 3 potions of stabbing
 m - 7 potions of heal wounds
 o - 2 potions of berserk rage
 p - 2 potions of brilliance
 r - 13 potions of curing
 t - 5 potions of flight
 z - 4 potions of haste
 K - a potion of magic
 N - a potion of lignification
Miscellaneous
 O - a phial of floods
Comestibles
 f - 42 rations


   Skills:
 + Level 15.6 Fighting
 - Level 15.0 Polearms
 - Level 1.7 Throwing
 - Level 10.0 Armour
 - Level 4.0 Dodging
 + Level 7.2 Shields
 + Level 13.7 Invocations


You had 14 spell levels left.
You didn't know any spells.
Your spell library contained the following spells:

 Spells                   Type           Power        Failure   Level  Hunger
 Magic Dart               Conj           #...         100%        1    ##.....
 Sandblast                Erth           #.....       100%        1    ##.....
 Summon Small Mammal      Summ           #...         100%        1    ##.....
 Blink                    Tloc           N/A          100%        2    ###....
 Call Imp                 Summ           #.......     100%        2    ###....
 Passwall                 Tmut/Erth      #.......     100%        2    ###....
 Slow                     Hex            #.......     100%        2    ###....
 Call Canine Familiar     Summ           #.......     100%        3    ####...
 Confusing Touch          Hex            #.......     100%        3    ####...
 Conjure Flame            Conj/Fire      #.......     100%        3    ####...
 Gell's Gravitas          Tloc           #.........   100%        3    ####...
 Mephitic Cloud           Conj/Pois/Air  #.......     100%        3    ####...
 Static Discharge         Conj/Air       #.......     100%        3    ####...
 Stone Arrow              Conj/Erth      #.....       100%        3    ####...
 Summon Guardian Golem    Hex/Summ       #.......     100%        3    ####...
 Petrify                  Tmut/Erth      #.......     100%        4    #####..
 Summon Ice Beast         Ice/Summ       #.......     100%        4    #####..
 Summon Lightning Spire   Summ/Air       #.......     100%        4    #####..
 Lee's Rapid Deconstruct  Erth           #.........   100%        5    ######.
 Lightning Bolt           Conj/Air       #.........   100%        5    ######.
 Metabolic Englaciation   Hex/Ice        #.........   100%        5    ######.
 Yara's Violent Unravell  Hex/Tmut       #.........   100%        5    ######.
 Ignition                 Fire           #.........   100%        8    #######
 Shatter                  Erth           #.........   100%        9    #######
 Tornado                  Air            #.........   100%        9    #######


Dungeon Overview and Level Annotations

Branches:
Dungeon (15/15)            Temple (1/1) D:4            Lair (6/6) D:11
  Swamp (4/4) Lair:3        Snake (0/4) Lair:2        Slime (0/5) Lair:6
    Orc (2/2) D:9             Elf (0/3) Orc:2        Vaults (0/5) D:13
 Depths (0/5) D:15        Gauntlet (visited)

Altars:
Ashenzari
Cheibriados
Dithmenos
Elyvilon
Fedhas
Gozag
Hepliaklqana
Kikubaaqudgha
Makhleb
Nemelex Xobeh
Okawaru
Qazlal
Ru
Sif Muna
Trog
Uskayaw
Vehumet
Wu Jian
Xom
Yredelemnul
Zin
The Shining One
Beogh

Shops:
Orc:1 !   Orc:2 %?(:[

Annotations:
D:12 3 runed translucent doors, omer1ben's ghost, journeyman DrFE
Swamp:4 Mara


Innate Abilities, Weirdness & Mutations

You have claws for hands.
You have a moderately thin skeletal structure. (Dex +4, Stealth+)
You are robust. (+10% HP)
You are completely covered in sharp spines.
When hurt, damage is shared between your health and your magic reserves.


Message History

Your vampire mosquito closely misses Mara.
Napalmbreeze's illusion is struck by your spines.
Napalmbreeze's illusion hits you but does no damage.
Unknown command.
Unknown command.
You feel sick.
Your vampire mosquito closely misses Mara.
Mara hits you with a +1 demon blade of venom!
* * * LOW HITPOINT WARNING * * *
Your vampire mosquito bites Mara.
There is a stone staircase leading up here.
* * * LOW HITPOINT WARNING * * *
You feel sick.
Your vampire mosquito bites Mara but does no damage.
Mara's features momentarily become yours. "Wouldst slay thyself?"
You block Napalmbreeze's illusion's attack.
Your vampire mosquito bites Mara.
You climb upwards.
You die...
Your body rises from the dead as a mindless zombie.

♣.≈♣♣≈♣♣ ♣.♣.♣♣ ♣♣♣ ♣≈≈♣♣.≈♣ ♣
Z≈≈♣♣≈.♣♣♣≈♣♣.♣♣♣♣.♣ ♣♣.....≈♣♣♣
♣≈≈♣♣♣≈♣♣.≈♣♣.≈♣♣.≈♣ ♣♣...)[.≈.♣♣
♣..≈♣♣≈...♣♣♣.≈♣♣..♣♣♣≈...≈>...♣♣
.≈≈♣♣♣.≈.≈.♣♣♣≈.♣..♣♣≈≈≈...≈Z..♣♣
.≈.♣♣.≈≈≈≈♣♣ ♣≈≈....≈≈≈♣≈♣[≈≈≈≈♣♣
...♣♣♣...♣♣ ♣≈..≈≈.≈≈≈≈≈[.≈.≈♣♣♣
...♣ ♣♣.≈♣ ♣♣≈≈≈≈≈≈.≈≈..≈♣≈.♣ ♣
...♣ ♣♣.≈♣ ♣≈.@≈≈.≈≈≈≈≈≈≈≈≈.♣ ♣
..♣♣ ♣≈..♣ ♣♣..≈≈.≈≈≈≈≈.≈≈≈>♣ ♣
≈.♣♣♣♣≈≈.♣ ♣♣.≈...≈≈≈≈≈.≈.≈♣ ♣
≈≈♣♣.≈.♣.♣♣ ♣♣..≈≈≈≈≈♣≈≈≈≈.♣♣♣
≈≈.♣♣≈♣♣..♣ ♣.≈≈≈...≈≈≈.≈≈.♣♣
≈≈♣♣♣≈♣♣♣.♣♣ ♣.≈♣≈..≈≈≈≈......
..♣≈≈≈≈≈♣§.♣ ♣.≈≈≈.≈.≈≈≈≈.♣...
≈.≈≈≈≈≈≈♣≈≈♣♣ ♣(.≈≈.......≈≈≈♣≈
≈.♣♣≈≈♣♣♣≈..♣ ♣.≈≈.......≈≈≈≈≈≈


There were no monsters in sight!

Vanquished Creatures
  An orc warlord (Orc:1)
  A minotaur (Gauntlet)
  A green death (Gauntlet)
  2 fire dragons (D:15)
  2 vault guards (D:13)
  8 hydras
  A shambling mangrove (Swamp:2)
  3 centaur warriors
  2 catoblepae
  A ghost crab (Swamp:1)
  Erica (Lair:1)
  A two-headed ogre (D:13)
  6 alligators
  4 death yaks
  3 unseen horrors
  A wizard (D:13)
  A spriggan druid (Swamp:3)
  2 swamp dragons
  Pikel (D:7)
  2 orc knights
  A deep elf mage (D:11)
  3 orc sorcerers
  2 manticores (Lair:6)
  2 elephants (Lair:6)
  A black mamba (Lair:6)
  A torpor snail (Lair:2)
  2 orange demons (Gauntlet)
  A molten gargoyle (Gauntlet)
  3 gargoyles
  9 spiny frogs
  Maggie (D:7)
  A kobold demonologist (D:11)
  A freezing wraith (D:15)
  4 komodo dragons
  3 meliai (D:14)
  4 trolls
  A polar bear (Lair:6)
  7 blink frogs
  4 hornets
  6 tyrant leeches
  Prince Ribbit (D:7)
  2 bog bodies (Swamp:1)
  5 slime creatures
  14 dream sheep
  6 hippogriffs
  A shadow (D:13)
  3 wraiths
  36 yaks
  2 vampires
  2 wyverns
  Sigmund (D:4)
  A hog (shapeshifter) (D:13)
  6 spriggans
  A basilisk (Lair:3)
  11 vampire mosquitoes
  Menkaure (D:5)
  9 swamp worms
  2 wargs
  An acid dragon (D:11)
  A soldier ant (D:13)
  Duvessa (D:5)
  A porcupine (shapeshifter) (D:14)
  2 hell hounds (D:12)
  11 water moccasins
  16 porcupines
  29 orc warriors
  8 swamp drakes
  A sky beast (D:9)
  9 ogres
  A black bear (Lair:4)
  An eye of draining (D:15)
  2 ice beasts
  7 crocodiles
  5 wolves
  13 centaurs
  14 bullfrogs
  2 wyvern skeletons
  5 scorpions
  Dowan (D:5)
  6 killer bees (D:9)
  4 wights (D:9)
  2 howler monkeys (D:8)
  10 crimson imps
  2 bullfrog zombies
  2 centaur zombies
  5 jellies
  16 orc priests
  A wyvern simulacrum (D:14)
  5 hounds
  3 bullfrog skeletons
  8 orc wizards
  3 centaur skeletons
  6 iguanas
  Ijyb (D:5)
  5 worker ants
  A hound zombie (D:11)
  Robin (D:3)
  15 adders
  A howler monkey skeleton (D:9)
  4 gnolls (D:3)
  3 shadow imps
  4 oozes
  4 worms
  2 dart slugs
  6 leopard geckos
  69 orcs
  15 bats
  3 giant cockroaches
  17 goblins
  7 hobgoblins
  3 jackals (D:3)
  4 quokkas
  A ball python (Lair:2)
  7 frilled lizards
  A jackal skeleton (D:6)
  8 kobolds
  A leopard gecko skeleton (D:7)
  7 rats
  A plant (Lair:4)
600 creatures vanquished.

Vanquished Creatures (collateral kills)
  Nikola (Swamp:3)
  Jorgrun (D:12)
  A tentacled monstrosity (Swamp:3)
  A thorn hunter (Swamp:4)
  Snorg (D:14)
  Erolcha (D:9)
  A vault guard (D:13)
  Fannar (Lair:1)
  The ghost of Doisiki the Destroyer, a journeyman DsFE of Vehumet (Lair:4)
  2 hydras (Lair:5)
  A shambling mangrove (Swamp:1)
  2 catoblepae (Lair:6)
  A death knight (D:11)
  3 centaur warriors
  6 death yaks
  3 alligators (Swamp:2)
  A dancing weapon (Lair:4)
  A deep elf knight (D:13)
  6 slime creatures
  A wizard (D:11)
  A swamp dragon (Swamp:1)
  An ugly thing (D:11)
  A deep elf mage (D:14)
  An orc sorcerer (Orc:1)
  3 orc knights
  A black mamba (Lair:2)
  2 elephants (Lair:6)
  A torpor snail (Lair:5)
  A gargoyle (D:13)
  3 spiny frogs
  A rime drake (Lair:6)
  A yaktaur (D:13)
  4 komodo dragons
  3 tyrant leeches
  2 trolls
  5 hornets
  A bog body (Swamp:3)
  6 dream sheep
  4 blink frogs
  A hippogriff (Lair:6)
  A centaur simulacrum (D:14)
  A wraith (D:9)
  22 yaks
  A vampire (D:10)
  A spriggan (shapeshifter) (D:14)
  2 basilisks
  A wyvern (Lair:2)
  A hungry ghost (D:14)
  10 vampire mosquitoes
  A warg (D:9)
  4 swamp worms
  A soldier ant (D:11)
  A hell hound (D:12)
  A porcupine (Lair:1)
  An acid dragon (D:11)
  4 water moccasins
  A hornet zombie (D:12)
  5 swamp drakes
  An ice beast (D:11)
  11 orc warriors
  2 phantoms
  4 ogres
  A wolf (Lair:5)
  7 centaurs
  3 crocodiles
  A big kobold (D:14)
  2 bullfrogs
  A wight (D:9)
  2 howler monkeys
  2 orc priests
  A bullfrog skeleton (D:12)
  4 orc wizards
  2 iguanas (Lair:1)
  2 worker ants
  A hound skeleton (D:11)
  2 adders
  2 shadow imps
  18 orcs
  A ball python (Lair:2)
  4 kobolds (D:14)
  17 fungi
  13 plants
242 creatures vanquished.

Vanquished Creatures (others)
  A vampire knight (Swamp:3)
  A hydra (Swamp:4)
  2 skeletal warriors
  2 flayed ghosts
  3 phantasmal warriors
  4 centaur zombies
  A hydra skeleton (Lair:3)
  2 meliai zombies (D:14)
  An alligator zombie (Swamp:4)
  6 flying skulls
  A black mamba zombie (Lair:6)
  3 vampires
  A wraith (D:13)
  An alligator skeleton (Swamp:3)
  A two-headed ogre zombie (D:13)
  2 spiny frog zombies
  A dream sheep zombie (Lair:6)
  A manticore zombie (Lair:6)
  2 hornet zombies (Swamp:1)
  A swamp dragon zombie (Swamp:4)
  6 orc skeletons
  A dream sheep skeleton (Lair:6)
  A komodo dragon zombie (Lair:6)
  4 water moccasin zombies
  2 spriggan zombies
  A troll zombie (Orc:2)
  7 yak zombies
  A polar bear zombie (Lair:6)
  A warg skeleton (Orc:2)
  A yak skeleton (Lair:1)
  3 wights
  A wolf zombie (Lair:5)
  A wolf skeleton (Lair:2)
  2 bullfrog zombies (Lair:2)
  An orc wizard (Orc:2)
  4 porcupine zombies
  A porcupine skeleton (Lair:2)
  An ogre zombie (Orc:2)
  A human skeleton (D:7)
  A mummy (Lair:1)
  A swamp drake zombie (Swamp:3)
  2 iguana zombies (Lair:1)
  2 adder zombies
  18 orc zombies
  A fungus (Lair:5)
  9 plants
111 creatures vanquished.

Grand Total: 953 creatures vanquished

Notes
Turn   | Place    | Note
-------+----------+-------------------------------------------
     0 | D:1      | Napalmbreeze the Demonspawn Gladiator began the quest for
                  | the Orb.
     0 | D:1      | Reached XP level 1. HP: 16/16 MP: 1/1
   185 | D:1      | Gained mutation: You are partially covered in sharp spines.
                  | [demonic ancestry]
   185 | D:1      | Reached XP level 2. HP: 23/23 MP: 2/2
   622 | D:1      | Gained mutation: When hurt, damage is shared between your
                  | health and your magic reserves. [demonic ancestry]
   622 | D:1      | Reached XP level 3. HP: 28/28 MP: 3/3
  1378 | D:2      | Gained mutation: You have sharp fingernails. [demonic
                  | ancestry]
  1378 | D:2      | Reached XP level 4. HP: 30/35 MP: 4/4
  1421 | D:2      | You fall into a shaft and drop 2 floors!
  1567 | D:4      | Found a staircase to the Ecumenical Temple.
  1777 | Temple   | Entered the Ecumenical Temple
  1849 | Temple   | Became a worshipper of Yredelemnul the Dark
  2008 | D:4      | Reached skill level 1 in Invocations
  2008 | D:4      | Reached XP level 5. HP: 40/42 MP: 5/5
  2717 | D:2      | Reached * piety under Yredelemnul
  2749 | D:2      | Gained mutation: You have very sharp fingernails. [demonic
                  | ancestry]
  2749 | D:2      | Reached XP level 6. HP: 40/49 MP: 5/7
  3452 | D:3      | Noticed Robin
  3469 | D:3      | Killed Robin
  3825 | D:4      | Noticed Sigmund
  3842 | D:4      | Killed Sigmund
  3842 | D:4      | Reached skill level 5 in Fighting
  3842 | D:4      | Reached skill level 1 in Armour
  3842 | D:4      | Reached XP level 7. HP: 41/56 MP: 5/9
  3896 | D:4      | Reached ** piety under Yredelemnul
  4290 | D:5      | Entered Level 5 of the Dungeon
  4631 | D:5      | Noticed Ijyb
  4643 | D:5      | Killed Ijyb
  4755 | D:5      | Noticed Dowan
  4756 | D:5      | Noticed Duvessa
  4814 | D:5      | Killed Dowan
  4943 | D:5      | Noticed Menkaure
  4965 | D:5      | Killed Menkaure
  5169 | D:5      | Killed Duvessa
  5169 | D:5      | Reached XP level 8. HP: 41/64 MP: 7/11
  5384 | D:6      | Found a white marble altar of Elyvilon.
  5384 | D:6      | Found an ancient bone altar of Kikubaaqudgha.
  5430 | D:6      | Reached skill level 5 in Polearms
  5430 | D:6      | Reached skill level 5 in Invocations
  6555 | D:7      | Noticed Pikel
  6704 | D:7      | Killed Pikel
  6704 | D:7      | Reached *** piety under Yredelemnul
  6704 | D:7      | Reached skill level 5 in Armour
  6704 | D:7      | Gained mutation: You are mostly covered in sharp spines.
                  | [demonic ancestry]
  6704 | D:7      | Reached XP level 9. HP: 22/69 MP: 7/12
  7037 | D:7      | Noticed Prince Ribbit
  7037 | D:7      | Noticed Maggie
  7044 | D:7      | Killed Prince Ribbit
  7059 | D:7      | Killed Maggie
  7176 | D:7      | Your ally Maggie died
  8412 | D:9      | Received a gift from Yredelemnul (3 flying skulls)
  8567 | D:9      | Noticed a troll
  8571 | D:9      | Killed a troll
  8575 | D:9      | Gained mutation: You have a somewhat thin skeletal
                  | structure. (Dex +2, Stealth) [demonic ancestry]
  8575 | D:9      | Reached XP level 10. HP: 66/83 MP: 13/13
  8583 | D:9      | Noticed Erolcha
  8588 | D:9      | Killed Erolcha
  8588 | D:9      | Reached skill level 10 in Fighting
  8604 | D:9      | Found a staircase to the Orcish Mines.
  8976 | D:10     | Entered Level 10 of the Dungeon
  9196 | D:10     | Found a roughly hewn altar of Beogh.
  9204 | D:10     | Received a gift from Yredelemnul (a wight)
  9676 | D:11     | Reached **** piety under Yredelemnul
  9690 | D:11     | Noticed a deep elf mage
  9699 | D:11     | Killed a deep elf mage
  9746 | D:11     | Found a staircase to the Lair.
  9777 | D:11     | Received a gift from Yredelemnul (a mummy)
 10135 | D:11     | Reached XP level 11. HP: 90/93 MP: 14/14
 10148 | D:11     | Found a sacrificial altar of Ru.
 10156 | D:11     | Noticed a sixfirhy
 10324 | D:11     | Noticed a wizard
 10324 | D:11     | Noticed a purple ugly thing
 10333 | D:11     | Killed a wizard
 10333 | D:11     | Killed a purple ugly thing
 10555 | D:11     | Noticed a centaur warrior
 10558 | D:11     | Noticed a death knight
 10566 | D:11     | Killed a centaur warrior
 10566 | D:11     | Reached skill level 10 in Polearms
 10586 | D:11     | Killed a death knight
 10959 | D:11     | Noticed a centaur warrior
 10975 | D:11     | Killed a centaur warrior
 11506 | Lair:1   | Entered Level 1 of the Lair of Beasts
 11523 | Lair:1   | Noticed Erica
 11542 | Lair:1   | Killed Erica
 11636 | Lair:1   | Received a gift from Yredelemnul (a wight)
 12194 | Lair:1   | Got a translucent scale mail
 12458 | Lair:1   | Identified the +1 scale mail of Dogma {rC- rN+++} (You
                  | found it on level 1 of the Lair of Beasts)
 12488 | Lair:1   | Noticed Fannar
 12499 | Lair:1   | Killed Fannar
 12756 | Lair:2   | Gained mutation: You are completely covered in sharp
                  | spines. [demonic ancestry]
 12756 | Lair:2   | Reached XP level 12. HP: 92/102 MP: 14/16
 12988 | Lair:2   | Found a staircase to the Snake Pit.
 13006 | Lair:2   | Reached ***** piety under Yredelemnul
 13035 | Lair:2   | Received a gift from Yredelemnul (3 flying skulls)
 13397 | Lair:2   | Received a gift from Yredelemnul (a wight)
 13475 | Lair:2   | Noticed a six-headed hydra
 13487 | Lair:2   | Killed a six-headed hydra
 13637 | Lair:3   | Noticed a four-headed hydra
 13653 | Lair:3   | Killed a five-headed hydra
 14094 | Lair:3   | Noticed a death yak
 14094 | Lair:3   | Noticed a death yak
 14095 | Lair:3   | Noticed a death yak
 14096 | Lair:3   | Noticed a death yak
 14096 | Lair:3   | Noticed a death yak
 14097 | Lair:3   | Noticed a death yak
 14491 | Lair:3   | Found a staircase to the Swamp.
 14508 | Lair:3   | Received a gift from Yredelemnul (a vampire)
 14916 | Lair:3   | Killed a death yak
 14959 | Lair:2   | Killed a death yak
 15168 | Lair:2   | Killed a death yak
 15172 | Lair:2   | Killed a death yak
 15190 | Lair:2   | Killed a death yak
 15216 | Lair:1   | Killed a death yak
 15874 | Lair:4   | You fall into a shaft and drop 2 floors!
 15874 | Lair:6   | Entered Level 6 of the Lair of Beasts
 15889 | Lair:6   | Gained mutation: You have claws for hands. [demonic
                  | ancestry]
 15889 | Lair:6   | Reached XP level 13. HP: 94/111 MP: 19/19
 15895 | Lair:6   | Found a staircase to the Slime Pits.
 18135 | Lair:6   | Reached skill level 10 in Invocations
 19196 | Lair:5   | Received a gift from Yredelemnul (a phantasmal warrior)
 19810 | Lair:4   | Received a gift from Yredelemnul (a vampire)
 20053 | Lair:4   | Found a runed translucent door.
 20053 | Lair:4   | Found a shimmering altar of Xom.
 20053 | Lair:4   | Noticed Doisiki's ghost (journeyman DsFE)
 20138 | Lair:4   | You fall into a shaft and drop 2 floors!
 20420 | Lair:4   | Killed Doisiki's ghost
 20422 | Lair:4   | Gained mutation: You have a moderately thin skeletal
                  | structure. (Dex +4, Stealth+) [demonic ancestry]
 20422 | Lair:4   | Reached XP level 14. HP: 108/120 MP: 18/21
 20551 | D:12     | Received a gift from Yredelemnul (a vampire)
 20663 | D:12     | Noticed Jorgrun
 20674 | D:12     | Killed Jorgrun
 20959 | D:12     | Found a runed translucent gate.
 20959 | D:12     | Found a runed translucent gate.
 20959 | D:12     | Found a runed translucent gate.
 20967 | D:12     | Noticed omer1ben's ghost (journeyman DrFE)
 20969 | D:12     | Found an iron altar of Okawaru.
 21009 | D:12     | Received a gift from Yredelemnul (a wraith)
 21013 | D:12     | Reached skill level 15 in Polearms
 21220 | D:12     | Got an ebony trident
 21221 | D:12     | Identified the +6 trident "Nippiysi" {flame, +Rage rF+
                  | Str+4 Dex+4} (You found it on level 12 of the Dungeon)
 21455 | D:13     | Reached skill level 1 in Shields
 21687 | D:13     | Reached ****** piety under Yredelemnul
 21987 | D:13     | Found a gate to the Vaults.
 22223 | D:13     | Received a gift from Yredelemnul (a flayed ghost)
 22684 | D:14     | Found a gate leading to a gauntlet.
 22698 | Gauntlet | Entered a Gauntlet
 22698 | Gauntlet | Found a transporter.
 23647 | Gauntlet | Found a transporter.
 23667 | Gauntlet | Found a transporter.
 23667 | Gauntlet | Found a transporter.
 23687 | Gauntlet | Found a transporter.
 23697 | Gauntlet | Found a transporter.
 23700 | Gauntlet | Found a transporter.
 23704 | Gauntlet | Found a transporter.
 23706 | Gauntlet | Found a runed translucent door.
 23733 | Gauntlet | Found a transporter.
 23734 | Gauntlet | Found a transporter.
 23742 | Gauntlet | Found a transporter.
 23783 | Gauntlet | Found a transporter.
 24235 | Gauntlet | Got a transparent bronze amulet
 24238 | Gauntlet | Identified the amulet of Abstinence {Gourm rN+} (You found
                  | it in a Gauntlet)
 24491 | D:14     | Noticed Snorg
 24526 | D:14     | Killed Snorg
 25356 | D:15     | Entered Level 15 of the Dungeon
 26108 | D:15     | Found a staircase to the Depths.
 26184 | D:15     | Found a sacrificial altar of Ru.
 26345 | Orc:1    | Entered Level 1 of the Orcish Mines
 26364 | Orc:1    | Received a gift from Yredelemnul (a phantasmal warrior)
 26385 | Orc:1    | Found Lailymy's Distillery.
 26509 | Orc:2    | Entered Level 2 of the Orcish Mines
 27139 | Orc:2    | Noticed an orc warlord
 27142 | Orc:2    | Received a gift from Yredelemnul (a phantasmal warrior)
 27271 | Orc:1    | Killed an orc warlord
 27518 | Orc:2    | Received a gift from Yredelemnul (a skeletal warrior)
 27618 | Orc:2    | Found Banoef's Food Shoppe.
 27677 | Orc:2    | Found a staircase to the Elven Halls.
 27686 | Orc:2    | Gained mutation: You are robust. (+10% HP) [demonic
                  | ancestry]
 27686 | Orc:2    | Reached XP level 15. HP: 113/139 MP: 21/23
 28415 | Orc:2    | Reached skill level 5 in Shields
 28757 | Orc:2    | Found Ytyhit's Book Shop.
 28757 | Orc:2    | Found Fatiso's Weapon Emporium.
 28759 | Orc:2    | Found Saikofad's Magic Scroll Shoppe.
 28761 | Orc:2    | Found Fing's Armour Boutique.
 28768 | Orc:2    | Bought a scroll of amnesia for 52 gold pieces
 28768 | Orc:2    | Bought a scroll of fear for 52 gold pieces
 28768 | Orc:2    | Bought a scroll of identify for 30 gold pieces
 28785 | Orc:2    | Bought a scroll of identify for 30 gold pieces
 28785 | Orc:2    | Bought a scroll of identify for 30 gold pieces
 29085 | Swamp:1  | Entered Level 1 of the Swamp
 29113 | Swamp:1  | Received a gift from Yredelemnul (a flayed ghost)
 29644 | Swamp:1  | Paralysed by a hornet for 3 turns
 29752 | Swamp:1  | Reached skill level 15 in Fighting
 31218 | Swamp:2  | Reached skill level 10 in Armour
 31219 | Swamp:2  | Received a gift from Yredelemnul (a vampire knight)
 31877 | Swamp:3  | Received a gift from Yredelemnul (a skeletal warrior)
 32298 | Swamp:3  | Noticed a tentacled monstrosity
 32320 | Swamp:3  | Killed a tentacled monstrosity
 32565 | Swamp:3  | Upgraded the game from 0.25-a0-855-g681bda5bb4 to
                  | 0.25-a0-860-gf695395b5c
 32669 | Swamp:4  | Entered Level 4 of the Swamp
 32669 | Swamp:4  | Noticed Nikola
 32669 | Swamp:4  | Noticed a thorn hunter
 32697 | Swamp:3  | Killed Nikola
 33054 | Swamp:4  | Killed a thorn hunter
 33141 | Swamp:4  | Noticed Mara
 33156 | Swamp:4  | Noticed Napalmbreeze's illusion
 33178 | Swamp:3  | HP: 5/141 [tyrant leech (8)]
 33585 | Swamp:4  | Noticed Napalmbreeze's illusion
 33605 | Swamp:4  | HP: 1/141 [Mara (illusionary)/+1 demon blade of venom (13)]
 33607 | Swamp:3  | Succumbed to Mara's poison

Levels and vault maps discovered:
D:1:      scummos_arrival_simple_crosswalls, layout_loops_corners,
          minmay_unequal
D:2:      layout_basic, minmay_tetromino_i4
D:3:      layout_loops_corners, uniq_robin
D:4:      layout_cave_pools, minmay_temple_entry_slanted, uniq_sigmund
D:5:      layout_basic, first_ration, uniq_menkaure, uniq_ijyb, uniq_duvessa
D:6:      layout_basic, gammafunk_temple_overflow_statue
D:7:      layout_loops_cross, grunt_ogre_cave, uniq_prince_ribbit1, uniq_pikel,
          uniq_maggie
D:8:      layout_loops_ring, hangedman_glass_teeth, minivault_19,
          minmay_misc_feat_pillars
D:9:      layout_small_grid, erik_orc_4, minmay_misc_feat_plants, uniq_erolcha
D:10:     layout_rooms, special_room [special_room_orc]
D:11:     minmay_the_grid_triangle_9x9_recursive_2_mashed
          [minmay_the_grid_triangle_9x9_prize_top_heavy,
          minmay_the_grid_triangle_9x9_sparse_checkered,
          minmay_the_grid_triangle_9x9_odd_lines,
          minmay_the_grid_triangle_9x9_thin_v], layout_basic,
          david_lair_shrubbed, basic_altar, grunt_decor_mini_mirrors
D:12:     layout_rooms, gammafunk_ghost_fury_of_okawaru, fountainhead,
          minmay_rotating_lava, uniq_jorgrun
D:13:     layout_basic, grunt_vaults_entry_fortified
D:14:     layout_rooms, gauntlet_entry_generic, minmay_misc_feat_hallway,
          uniq_snorg
D:15:     grunt_enter_depths_hoard, layout_cave_pools, lemuel_round_altar,
          hangedman_abyss_or_decor_stagger, st_stairs_13
Temple:   regret_index_temple_chain_breaker
Lair:1:   beast_lair_carwin_large_3, layout_cave_shapes, minivault_23,
          minivault_27, serial_bayou_pond_c, uniq_fannar, uniq_erica
Lair:2:   layout_cave_pods, minmay_snake_entry_six_corridors,
          beast_lair_carwin_7
Lair:3:   layout_cave_shapes, minmay_swamp_entry_worms,
          infiniplex_staircase_pool_2
Lair:4:   layout_layer_cave, ebering_ghost_xom, pond, lemuel_fruit_tree
Lair:5:   layout_cave_pods, serial_bayou_shore_a
Lair:6:   evilmike_catoblepas_cave, layout_cellular_growth,
          nicolae_slime_entry_slimehenge
Swamp:1:  layout_basic_swamp, evilmike_swamp_ruin_house_4
Swamp:2:  layout_basic_swamp, hangedman_swamp_cone, swamp_pool1
Swamp:3:  cheibrodos_swamp_monstrosity, layout_falls_marsh,
          evilmike_swamp_ruin_wall, swamp_pool5
Swamp:4:  swamp_icy, layout_basic_swamp, infiniplex_staircase_pool, uniq_mara,
          uniq_louise, uniq_nikola
Orc:1:    layout_caves, serial_shops, shop
Orc:2:    st_orc_rangers, layout_diamond_mine, serial_shops, shop

Skill      XL: |  1  2  3  4  5  6  7  8  9 10 11 12 13 14 15 |
---------------+----------------------------------------------+-----
Dodging        | 3 4 |  4.0
Polearms       | 3 4 7 8 9 12 14 15 | 15.0
Fighting       | 3 4 5 6 9 11 12 13 14 15 | 15.6
Invocations    | 1 2 3 4 5 9 10 11 13 | 13.7
Armour         | 1 2 5 7 8 9 10 | 10.0
Shields        | 4 7 |  7.2
Throwing       | |  1.7

Action                   |  1- 3 |  4- 6 |  7- 9 | 10-12 | 13-15 || total
-------------------------+-------+-------+-------+-------+-------++-------
Melee: Trident           |    90 |   169 |   327 |   296 |   843 ||  1725
       Glaive            |       |       |       |   214 |   299 ||   513
Throw: Throwing net      |       |     3 |     2 |     1 |       ||     6
Invok: Animate Remains   |       |     1 |    12 |       |       ||    13
       Animate Dead      |       |       |     1 |    20 |    53 ||    74
       Injury Mirror     |       |       |     1 |     1 |     1 ||     3
       Recall Undead Sla |       |       |       |     4 |     8 ||    12
       Drain Life        |       |       |       |       |     7 ||     7
       Enslave Soul      |       |       |       |       |     2 ||     2
Evoke: Wand              |       |       |       |       |     1 ||     1
  Use: Scroll            |       |       |     9 |     2 |    21 ||    32
       Potion            |       |       |       |       |     5 ||     5
 Stab: Sleeping          |     2 |     2 |       |       |       ||     4
       Distracted        |       |       |       |     4 |    15 ||    19
       Petrified         |       |       |       |       |     3 ||     3
       Confused          |       |       |       |       |     1 ||     1
  Eat: Chunk             |     1 |     9 |    10 |    18 |    67 ||   105
       Ration            |       |       |     3 |     4 |     5 ||    12
Armor: Leather armour    |    15 |    13 |       |       |       ||    28
       Chain mail        |       |    29 |    94 |   130 |   131 ||   384
       Plate armour      |       |       |       |       |   219 ||   219
Dodge: Dodged            |    38 |    68 |   101 |   179 |   273 ||   659
Block: Kite shield       |       |       |       |       |   333 ||   333

Table legend:
 A = Non-vault XP
 B = Vault XP
 C = Vault XP percentage of total XP
 D = Non-vault monster count
 E = Vault monster count
 F = Vault count percentage of total count
                 A         B        C        D         E       F
            +---------+---------+-------+---------+---------+-------
      Total |   92528 |   51785 |  35.9 |     583 |     228 |  28.1
            +---------+---------+-------+---------+---------+-------
        D:1 |      44 |       6 |  12.0 |      23 |       4 |  14.8
        D:2 |      70 |      39 |  35.8 |      17 |       3 |  15.0
        D:3 |     254 |      38 |  13.0 |      32 |      13 |  28.9
        D:4 |     228 |     208 |  47.7 |      14 |       1 |   6.7
        D:5 |     218 |     387 |  64.0 |       5 |       4 |  44.4
        D:6 |     540 |       0 |   0.0 |      12 |       0 |   0.0
        D:7 |     415 |    1366 |  76.7 |      13 |       4 |  23.5
        D:8 |     601 |       0 |   0.0 |      20 |       0 |   0.0
        D:9 |    1529 |     918 |  37.5 |      26 |      13 |  33.3
       D:10 |    1117 |     452 |  28.8 |      10 |      25 |  71.4
       D:11 |    1634 |    4917 |  75.1 |      18 |      15 |  45.5
       D:12 |    3345 |    2184 |  39.5 |      35 |       4 |  10.3
       D:13 |    3823 |    5809 |  60.3 |      20 |      10 |  33.3
       D:14 |    5898 |     602 |   9.3 |      38 |       1 |   2.6
       D:15 |    2502 |    2355 |  48.5 |       8 |       3 |  27.3
     Lair:1 |    3887 |    3057 |  44.0 |      22 |      11 |  33.3
     Lair:2 |    6849 |    2258 |  24.8 |      28 |      23 |  45.1
     Lair:3 |    5986 |     597 |   9.1 |      23 |       3 |  11.5
     Lair:4 |    4013 |    2524 |  38.6 |      21 |      10 |  32.3
     Lair:5 |    7539 |       0 |   0.0 |      29 |       0 |   0.0
     Lair:6 |    4235 |    9017 |  68.0 |      19 |      29 |  60.4
    Swamp:1 |    8202 |       0 |   0.0 |      29 |       0 |   0.0
    Swamp:2 |    8485 |       0 |   0.0 |      32 |       0 |   0.0
    Swamp:3 |    7874 |    4960 |  38.6 |      22 |       5 |  18.5
    Swamp:4 |    5732 |       0 |   0.0 |      11 |       0 |   0.0
      Orc:1 |    3850 |       0 |   0.0 |      26 |       0 |   0.0
      Orc:2 |    3658 |    4661 |  56.0 |      30 |      39 |  56.5
   Gauntlet |       0 |    5430 | 100.0 |       0 |       8 | 100.0
            +---------+---------+-------+---------+---------+-------
